 Dungeon Crawl Stone Soup version 0.27-a0-789-g6bb3289e1e (webtiles) character file.

Game seed: 141641224362408303

28 kingj the Grave Robber (level 2, 0/20 HPs)
             Began as a Demonspawn Necromancer on Mar 27, 2021.
             Slain by a bullfrog (8 damage)
             ... on level 4 of the Dungeon.
             The game lasted 00:06:10 (2325 turns).

kingj the Grave Robber (Demonspawn Necromancer)     Turns: 2325, Time: 00:06:10

Health: 0/20       AC:  2    Str:  8    XL:     2   Next: 96%
Magic:  1/5        EV: 12    Int: 16    God:
Gold:   81         SH:  0    Dex: 13    Spells: 3/5 levels left

rFire    . . .     SeeInvis .   g - +0 short sword
rCold    . . .     Faith    .   (no shield)
rNeg     . . .     Spirit   .   a - +0 robe
rPois    .         Reflect  .   (helmet restricted)
rElec    .         Harm     .   (no cloak)
rCorr    .         Rampage  .   (no gloves)
Will     .....                  (no boots)
Stlth    ++........             (no amulet)
HPRegen  0.06/turn              (no ring)
MPRegen  0.09/turn              (no ring)

@: no status effects
A: antennae 1
a: no special abilities


You were on level 4 of the Dungeon.
You visited 1 branch of the dungeon, and saw 3 of its levels.

You collected 81 gold pieces.

Inventory:

Hand Weapons
 g - a +0 short sword (weapon)
Armour
 a - a +0 robe (worn)
Scrolls
 b - 2 scrolls of identify {unknown}
 c - a scroll of torment {unknown}
 f - a scroll of immolation {unknown}
 h - a scroll of noise {unknown}
Potions
 d - a potion of might {unknown}
 e - a potion of haste {unknown}
 i - a potion of curing {unknown}
 j - a potion of resistance {unknown}


   Skills:
 + Level 0.5 Fighting
 + Level 1.9 Dodging
 + Level 1.9 Stealth
 + Level 2.4 Spellcasting
 + Level 4.9 Necromancy


You had 3 spell levels left.
You knew the following spells:

 Your Spells              Type           Power      Damage    Failure   Level
a - Pain                  Necr           68%        1d7       2%          1
b - Animate Skeleton      Necr           34%        N/A       2%          1

Your spell library contained the following spells:

 Spells                   Type           Power      Damage    Failure   Level
 Vampiric Draining        Necr           8%         2d7       8%          3
 Magic Dart               Conj           4%         1d3       21%         1
 Blink                    Tloc           N/A        N/A       30%         2
 Call Imp                 Summ           1%         N/A       30%         2
 Slow                     Hex            1%         N/A       30%         2
 Conjure Flame            Conj/Fire      1%         6-21      52%         3
 Mephitic Cloud           Conj/Pois/Air  1%         N/A       52%         3
 Animate Dead             Necr           8%         N/A       26%         4
 Agony                    Necr           17%        N/A       58%         5


Dungeon Overview and Level Annotations

Branches:
Dungeon (2/15)

Altars:
Vehumet
Xom


Innate Abilities, Weirdness & Mutations

You have a pair of small antennae on your head.


Message History

The bat writhes in agony.
You kill the bat!
There is a stone staircase leading down here.
An endoplasm comes into view.
Casting: Pain (safe; 2% risk of failure)
Confirm with . or Enter, or press ? or * to list all spells.
You can't see any susceptible monsters within range! (Use Z to cast anyway.) Unknown command.
You fall into a shaft and drop 2 floors!
The shaft crumbles and collapses.
Found a viscous amethyst potion.
Found 18 stones.
A bullfrog comes into view.
You see here a viscous amethyst potion.
j - a viscous amethyst potion
Casting: Pain (safe; 2% risk of failure)
Confirm with . or Enter, or press ? or * to list all spells.
Aiming: Pain (safe; 2% risk of failure)
Press: ? - help, Shift-Dir - straight line, f - bullfrog
Aim: a bullfrog (chance to affect: 76%)
The bullfrog writhes in agony.
Casting: Pain (safe; 2% risk of failure)
Confirm with . or Enter, or press ? or * to list all spells.
Aiming: Pain (safe; 2% risk of failure)
Press: ? - help, Shift-Dir - straight line, f/p - bullfrog
Aim: a bullfrog (lightly wounded, chance to affect: 76%)
The bullfrog writhes in agony!
The bullfrog hits you. The bullfrog misses you.
Casting: Pain (safe; 2% risk of failure)
Confirm with . or Enter, or press ? or * to list all spells.
Aiming: Pain (safe; 2% risk of failure)
Press: ? - help, Shift-Dir - straight line, f/p - bullfrog
Aim: a bullfrog (moderately wounded, chance to affect: 76%)
The bullfrog writhes in agony.
The bullfrog hits you.
Casting: Pain (safe; 2% risk of failure)
Confirm with . or Enter, or press ? or * to list all spells.
Aiming: Pain (safe; 2% risk of failure)
Press: ? - help, Shift-Dir - straight line, f/p - bullfrog
Aim: a bullfrog (heavily wounded, chance to affect: 76%)
The bullfrog barely resists.
The bullfrog hits you!
You die...

# .##.##### .#
........# ..##
###.###.###.....
#..........^#
#.###.@F(####
####.# .# #


You could see a bullfrog.

Vanquished Creatures
  A dart slug (D:1)
  3 ball pythons (D:1)
  4 bats
  An endoplasm (D:2)
  3 giant cockroaches (D:1)
  2 kobolds (D:2)
  2 quokkas
  4 frilled lizards (D:1)
  5 rats
25 creatures vanquished.

Notes
Turn   | Place    | Note
-------+----------+-------------------------------------------
     0 | D:1      | kingj the Demonspawn Necromancer began the quest for the
                  | Orb.
     0 | D:1      | Reached XP level 1. HP: 13/13 MP: 3/3
   670 | D:1      | Gained mutation: You have a pair of small antennae on your
                  | head. [demonic ancestry]
   670 | D:1      | Reached XP level 2. HP: 18/19 MP: 3/5
   672 | D:1      | Learned a level 1 spell: Animate Skeleton
  2019 | D:2      | Found a radiant altar of Vehumet.
  2229 | D:2      | Found a shimmering altar of Xom.
  2317 | D:2      | You fall into a shaft and drop 2 floors!
  2320 | D:4      | Noticed a bullfrog
  2325 | D:4      | Slain by a bullfrog

Illustrated notes

Levels and vault maps discovered:
D:1:      saegor_arrival_simple_e, layout_loops_ring,
          chequers_serial_rivers_large_a
D:2:      layout_rooms, lemuel_coloured_pillars_altar,
          nicolae_overflow_hidden_temple
D:4:      layout_loops_ring, grunt_temple_overflow_bloody_war,
          minmay_manual_maat

Action                   || total
-------------------------++-------
Melee: Unarmed           ||    13
 Cast: Pain              ||    52
       Animate Skeleton  ||     6
Armor: Robe              ||    10
Dodge: Dodged            ||    50

Table legend: (Time is in decaauts)
 A = Elapsed time spent in this place.
 B = Non-inter-level travel time spent in this place.
 C = Inter-level travel time spent in this place.
 D = Time resting spent in this place.
 E = Time spent auto-exploring this place.
 F = Levels seen in this place.
 G = Mean time per level.
                   A        B        C        D        E       F      G
               +--------+--------+--------+--------+--------+-----+--------+
         Total |   2337 |   2310 |     27 |    587 |   1406 |   3 |  779.0 |
       Dungeon |   2337 |   2310 |     27 |    587 |   1406 |   3 |  779.0 |
               +--------+--------+--------+--------+--------+-----+--------+

Top non-repeatable levels by time:
     D:1: 1683 daAuts
     D:2: 646 daAuts
     D:4: 7 daAuts
